 Dungeon Crawl Stone Soup version 0.30-a0-469-g84de5afbc5 (webtiles) character file.

Game seed: 8124649854538312781

436 sanka the Chiller (level 6, 0/45 HPs)
             Began as a Demigod Ice Elementalist on Dec 19, 2022.
             Slain by an ice beast (10 damage)
             ... on level 5 of the Dungeon.
             The game lasted 00:05:51 (3802 turns).

sanka the Chiller (Demigod Ice Elementalist)        Turns: 3802, Time: 00:05:51

Health: 0/45       AC:  9    Str:  9    XL:     6   Next: 40%
Magic:  6/13       EV: 12    Int: 25    God:
Gold:   250        SH:  0    Dex: 14    Spells: 0/11 levels left

rFire   . . .      SeeInvis .    h - +3 short sword
rCold   . . .      Faith    .    (no shield)
rNeg    . . .      Spirit   .    a - +0 robe
rPois   .          Reflect  .    (no helmet)
rElec   .          Harm     .    (no cloak)
rCorr   .          Rampage  .    (no gloves)
Will    .....                    (no boots)
Stlth   ++........               (no amulet)
HPRegen 0.27/turn                (no ring)
MPRegen 0.13/turn                (no ring)

@: ice-armoured
A: high MP 1, forlorn, divine attributes
a: no special abilities


You were on level 5 of the Dungeon.
You visited 1 branch of the dungeon, and saw 5 of its levels.

You collected 250 gold pieces.


Innate Abilities, Weirdness & Mutations

You have an increased reservoir of magic. (+10% MP)
You shall have no god before yourself.
Your divine heritage dramatically boosts your attributes as you level up.


   Skills:
 - Level 1.7 Dodging
 - Level 1.7 Stealth
 + Level 3.2 Spellcasting
 + Level 1.1 Summonings
 + Level 6.5 Ice Magic


You couldn't memorise any spells.
You knew the following spells:

 Your Spells              Type           Power      Damage    Failure   Level
a - Ozocubu's Armour      Ice            36%        N/A       1%          3
x - Summon Ice Beast      Ice/Summ       23%        N/A       21%         4
y - Frozen Ramparts       Ice            72%        1d11      1%          3
z - Freeze                Ice            100%       1d10      1%          1

Your spell library contained the following spells:

 Spells                   Type           Power      Damage    Failure   Level
 Ensorcelled Hibernation  Hex/Ice        40%        N/A       3%          2
 Passwall                 Tmut/Erth      3%         N/A       16%         2
 Stone Arrow              Conj/Erth      8%         3d7       30%         3
 Swiftness                Air            4%         N/A       30%         3
 Animate Armour           Summ/Erth      12%        N/A       61%         4
 Lehudib's Crystal Spear  Conj/Erth      2%         10d2      100%        8

Inventory:

Hand Weapons
 h - a +3 short sword (weapon)
Missiles
 m - a throwing net {=f}
Armour
 a - a +0 robe (worn)
 q - a +0 buckler
Wands
 u - a wand of iceblast (9)
Scrolls
 d - 4 scrolls of teleportation {unknown}
 e - a scroll of brand weapon {unknown}
 g - 12 scrolls of identify {unknown}
 i - 3 scrolls of poison {unknown}
 k - 3 scrolls of amnesia {unknown}
 n - a scroll of magic mapping {unknown}
 o - 2 scrolls of noise {unknown}
 t - a scroll of immolation {unknown}
Potions
 b - a potion of magic
 c - a potion of heal wounds {unknown}
 f - 3 potions of curing {unknown}
 j - a potion of mutation {unknown}
 l - a potion of brilliance {unknown}
 p - a potion of berserk rage {unknown}
 r - a potion of resistance {unknown}
 s - a potion of ambrosia {unknown}
 v - a potion of invisibility {unknown}

Dungeon Overview and Level Annotations

Branches:
Dungeon (5/15)             Temple (0/1) D:5

Shops:
D:5 *

Annotations:
D:4 exclusion: statue

.....▒........▒......▒
.....▒........▒......▒
..(..▒.......▒▒......▒
.....▒.......▒▒......▒
.....▒...............▒
.....▒...............+
.....▒...............▒
.....'...........Y...▒
.....▒.......▒▒.pY...▒
[....▒▒▒▒▒▒▒▒▒▒▒+▒▒▒▒▒
.....'.......
.....▒.......
....>▒.......
.....▒.......
.....▒+▒▒▒▒▒▒
.............
.............


You could see an ice beast (ally target) and a friendly ice beast (summoned).


Message History

Your ice beast hits the ice beast but does no damage.
You hit the ice beast.
The ice beast is severely wounded.
The ice beast closely misses you.
Your ice beast hits the ice beast but does no damage.
Unknown command.
You hit the ice beast but do no damage.
The ice beast is severely wounded.
The ice beast hits you. The ice beast freezes you!
* * * LOW HITPOINT WARNING * * *
Your ice beast barely misses the ice beast.
Unknown command.
You hit the ice beast but do no damage.
The ice beast is severely wounded.
The ice beast hits you but does no damage.
Your ice beast barely misses the ice beast.
Unknown command.
You hit the ice beast but do no damage.
The ice beast is severely wounded.
The ice beast completely misses you.
Your ice beast hits the ice beast but does no damage.
Unknown command.
Unknown command.
You closely miss the ice beast.
The ice beast is severely wounded.
The ice beast hits you.
* * * LOW HITPOINT WARNING * * *
The ice beast freezes you!
You die...

Action                   |  1- 3 |  4- 6 || total
-------------------------+-------+-------++-------
Melee: Unarmed           |     5 |       ||     5
       Short sword       |    24 |    34 ||    58
       Punch             |     1 |       ||     1
 Cast: Freeze            |    66 |    43 ||   109
       Frozen Ramparts   |       |     4 ||     4
       Summon Ice Beast  |       |     1 ||     1
       Ozocubu's Armour  |       |     1 ||     1
 Stab: Sleeping          |     1 |     1 ||     2
Armor: Robe              |    13 |    10 ||    23
Dodge: Dodged            |    40 |    35 ||    75

Levels and vault maps discovered:
D:1:      lemuel_arrival_lava_pool, layout_loops_ring, minmay_pentomino_t2
D:2:      layout_basic, basic_ecumenical_altar
D:3:      layout_rooms, grunt_dithmenos_smoke, corexii_hall_statues_i,
          serial_bayou_lagoon_a
D:4:      layout_rooms, amethyst_overflow_temple_binary, vehumet_statue
D:5:      layout_gridville, minmay_temple_entry_statues_pillars,
          nicolae_stop_n_shop_1, chequers_serial_rivers_small_b, uniq_ijyb

Notes
Turn   | Place    | Note
-------+----------+-------------------------------------------
     0 | D:1      | sanka the Demigod Ice Elementalist began the quest for the
                  | Orb.
     0 | D:1      | Reached XP level 1. HP: 14/14 MP: 5/5
   211 | D:1      | Reached skill level 2 in Spellcasting
   411 | D:1      | Reached skill level 4 in Ice Magic
   476 | D:1      | Reached XP level 2. HP: 20/20 MP: 4/7
   948 | D:2      | Reached XP level 3. HP: 22/26 MP: 4/8
  1642 | D:2      | Reached skill level 5 in Ice Magic
  1746 | D:3      | Learned a level 3 spell: Frozen Ramparts
  2359 | D:4      | Reached XP level 4. HP: 21/33 MP: 5/10
  2665 | D:4      | Noticed a charred statue
  2761 | D:4      | Reached XP level 5. HP: 28/38 MP: 7/12
  3253 | D:4      | Learned a level 3 spell: Ozocubu's Armour
  3272 | D:5      | Entered Level 5 of the Dungeon
  3272 | D:5      | Found Ziariub's General Store.
  3300 | D:5      | Found a staircase to the Ecumenical Temple.
  3307 | D:5      | Reached skill level 3 in Spellcasting
  3390 | D:5      | Noticed Ijyb
  3412 | D:5      | Killed Ijyb
  3413 | D:5      | Reached skill level 6 in Ice Magic
  3432 | D:5      | Noticed an orc warrior
  3529 | D:5      | Reached XP level 6. HP: 45/45 MP: 10/13
  3534 | D:5      | Learned a level 4 spell: Summon Ice Beast
  3660 | D:5      | Noticed a water moccasin
  3666 | D:5      | Killed a water moccasin
  3667 | D:5      | Reached skill level 1 in Summonings
  3802 | D:5      | Slain by an ice beast

Vanquished Creatures
  A water moccasin (D:5)
  A hound (D:5)
  2 jellies
  An orc priest (D:4)
  2 iguanas
  Ijyb (D:5)
  An orc wizard (D:4)
  3 adders
  3 worms
  2 dart slugs (D:2)
  6 orcs
  6 endoplasms
  2 giant cockroaches (D:4)
  7 goblins
  9 hobgoblins
  3 quokkas
  9 ball pythons
  2 bats
  4 frilled lizards
  6 kobolds
  3 rats
74 creatures vanquished.

Vanquished Creatures (others)
  A plant (D:3)
1 creature vanquished.

Grand Total: 75 creatures vanquished
